 Dungeon Crawl Stone Soup version 0.19.0-18-g426998a (webtiles) character file.

51 dysrexia the Slasher (level 3, -1/28 HPs)
             Began as a Vampire Abyssal Knight on Nov 11, 2016.
             Was a Believer of Lugonu.
             Slain by a gnoll
             ... wielding a cursed +0 spear
              (6 damage)
             ... on level 2 of the Dungeon.
             The game lasted 00:02:16 (950 turns).

dysrexia the Slasher (Vampire Abyssal Knight)        Turns: 950, Time: 00:02:16

Health: -1/28      AC:  3    Str: 12    XL:     3   Next: 58%
Magic:  4/4        EV: 12    Int: 14    God:    Lugonu [**....]
Gold:   86         SH:  0    Dex: 13    Spells: 0 memorised, 2 levels left

rFire  . . .     SeeInvis +     a - +1 falchion
rCold  . . .     Gourm    .     b - +0 leather armour
rNeg   + . .     Faith    .     (no shield)
rPois  .         Spirit   .     (no helmet)
rElec  .         Reflect  .     (no cloak)
rCorr  .         Harm     .     (no gloves)
MR     .....                    (no boots)
Stlth  +.........               (no amulet)
                                (no ring)
                                (no ring)

@: no status effects
A: fangs 3, see invisible, unbreathing
a: Bat Form, Depart the Abyss, Bend Space, Renounce Religion


You were on level 2 of the Dungeon.
You worshipped Lugonu.
Lugonu was pleased with you.
You were not thirsty.

You visited 1 branch of the dungeon, and saw 2 of its levels.
You visited the Abyss 1 time.

You collected 86 gold pieces.

Inventory:

Hand Weapons
 a - a +1 falchion (weapon)
Armour
 b - a +0 leather armour (worn)
 k - a +0 chain mail
Jewellery
 h - an uncursed ring of flight {unknown}
Scrolls
 d - a scroll of teleportation {unknown}
 e - a scroll of magic mapping {unknown}
 g - a scroll of enchant weapon {unknown}
 i - 2 scrolls of identify {unknown}
Potions
 c - 9 potions of blood
 f - 2 potions of might {unknown}
 j - a potion of berserk rage {unknown}
Books
 l - a book of Changes

   Spells                             Type                      Level
   a - Beastly Appendage              Transmutation                1
   b - Sticks to Snakes               Transmutation                2
   c - Spider Form                    Transmutation/Poison         3
   d - Ice Form                       Ice/Transmutation            4
   e - Blade Hands                    Transmutation                5


   Skills:
 - Level 2.6 Fighting
 * Level 3.6 Long Blades
 - Level 0.7 Armour
 - Level 2.1 Dodging
 + Level 2.1 Invocations


You had 2 spell levels left.
You didn't know any spells.

Dungeon Overview and Level Annotations

Branches:
Dungeon (2/15)

Altars:
Gozag
Trog
Zin


Innate Abilities, Weirdness & Mutations

You have razor-sharp teeth.
You have supernaturally acute eyesight. (SInv)
You can survive without breathing.


Message History

The gnoll misses you.
You closely miss the gnoll. You bite the gnoll.
The gnoll is almost dead.
The gnoll hits you.
You hit the gnoll.
You kill the gnoll!
Lugonu accepts your kill. The bat closely misses you.
The bat hits you but does no damage.
You slash the bat!
You kill the bat!
Lugonu accepts your kill.
You can now bend space around yourself.
You see here a whip.
You start resting.
A gnoll comes into view. It is wielding a spear.
The gnoll shouts!
The gnoll hits you with a spear!
You hit the gnoll but do no damage. The gnoll hits you with a spear.
* * * LOW HITPOINT WARNING * * *
You hit the gnoll but do no damage. The gnoll hits you with a spear.
You die...

# #.# ## #.# .## #.# ..##
#.#### #..## #....# ##..#
#.#.## ##..# ######.#.#
########.. 8##.#####......#.#
#.......g?
###.##.........#@###.........
# #.##.........#.g)g.......#.
###........#.###.###.......#
##..##.....#.###.# #.......#
#.....#....#.....# #######.#
..................# #
.(....................
#.......<#######.#.#...
#.###.#.## #.......


You could see 2 gnolls.

Vanquished Creatures
  2 gnolls (D:2)
  2 oozes (D:2)
  A giant cockroach (D:2)
  5 goblins (D:1)
  3 hobgoblins (D:1)
  7 bats
  2 frilled lizards
  2 rats (D:1)
24 creatures vanquished.

Notes
Turn   | Place    | Note
-------+----------+-------------------------------------------
     0 | Abyss:1  | dysrexia the Vampire Abyssal Knight began the quest for the Orb.
     0 | Abyss:1  | Reached XP level 1. HP: 17/17 MP: 2/2
     0 | Abyss:1  | Found a corrupted altar of Lugonu.
    23 | D:1      | Escaped the Abyss
   263 | D:1      | Reached XP level 2. HP: 23/23 MP: 3/3
   634 | D:1      | Reached skill level 3 in Long Blades
   788 | D:2      | Found a glowing silver altar of Zin.
   788 | D:2      | Found a bloodstained altar of Trog.
   788 | D:2      | Found an opulent altar of Gozag.
   830 | D:2      | Reached XP level 3. HP: 28/28 MP: 4/4
   870 | D:2      | Reached ** piety under Lugonu
   950 | D:2      | Slain by a gnoll

Skill      XL: |  1  2  3 |
---------------+----------+-----
Long Blades    | 3 |  3.6
Invocations    | 2 |  2.1
Fighting       | |  2.6
Armour         | |  0.7
Dodging        | |  2.1

Action                   || total
-------------------------++-------
Melee: Falchion          ||    61
       Bite              ||     5
 Stab: Sleeping          ||     1
Armor: Leather armour    ||    21
Dodge: Dodged            ||    31
       Rpst.: Falchion   ||     7
